 Dungeon Crawl Stone Soup version 0.18.1-8-gdd0e5ea (webtiles) character file.

40 namelastname112 the Vexing (level 3, 0/28 HPs)
             Began as a Draconian Arcane Marksman on May 21, 2016.
             Killed from afar by Sigmund (3 damage)
             ... with a magic dart
             ... on level 2 of the Dungeon.
             The game lasted 00:01:37 (1871 turns).

namelastname112 the Vexing (DrAM)                   Turns: 1871, Time: 00:01:38

Health: 0/28       AC:  5    Str: 13    XL:     3   Next: 30%
Magic:  4/4        EV: 12    Int: 18    God:
Gold:   84         SH:  0    Dex: 11    Spells: 1 memorised, 3 levels left

rFire  . . .     SeeInvis .     b - +0 dagger
rCold  . . .     Gourm    .     (armour unavailable)
rNeg   . . .     Faith    .     (no shield)
rPois  .         Spirit   .     (helmet restricted)
rElec  .         Dismiss  .     (no cloak)
rCorr  .         Reflect  .     (no gloves)
SustAt .         Harm     .     (no boots)
MR     .....                    (no amulet)
Stlth  +.........               (no ring)
                                j - +5 ring of intelligence

@: not resistant to hostile enchantments, very unstealthy
A: unfitting armour, cold-blooded, AC +5
a: no special abilities


You were on level 2 of the Dungeon.
You were very hungry.

You visited 1 branch of the dungeon, and saw 2 of its levels.

You collected 84 gold pieces.

Inventory:

Hand Weapons
 b - a +0 dagger (weapon)
Missiles
 c - 2 throwing nets
 g - 3 javelins (quivered)
Jewellery
 j - a +5 ring of intelligence (left hand)
Scrolls
 h - 2 scrolls of identify {unknown}
 l - a scroll of enchant weapon {unknown}
 m - a scroll of teleportation {unknown}
 n - a scroll of remove curse {unknown}
 o - a scroll of recharging {unknown}
Potions
 e - 2 potions of curing {unknown}
 f - 2 potions of brilliance {unknown}
 i - 2 potions of berserk rage {unknown}
Books
 a - a book of Debilitation

   Spells                             Type                      Level
   a - Corona                         Hexes                        1
   b - Slow                           Hexes                        2
   c - Gell's Gravitas                Hexes/Translocation          3
   d - Inner Flame                    Hexes/Fire                   3
   e - Cause Fear                     Hexes                        4
   f - Leda's Liquefaction            Hexes/Earth                  4
Comestibles
 d - 2 bread rations
 k - a royal jelly
 p - a meat ration


   Skills:
 + Level 1.4 Fighting
 * Level 1.1 Short Blades
 + Level 2.1 Throwing
 + Level 2.2 Dodging
 * Level 1.4 Stealth
 - Level 1.0 Spellcasting
 - Level 2.6 Hexes


You had 3 spell levels left.
You knew the following spells:

 Your Spells              Type           Power        Failure   Level  Hunger
a - Corona                Hex            ##.....      10%         1    ##.....


Dungeon Overview and Level Annotations

Branches:
Dungeon (2/15)

Altars:

Annotations:
D:2 Sigmund


Innate Abilities, Weirdness & Mutations

Your plain brown scales are hard (AC +5).
Your body does not fit into most forms of armour.
You are cold-blooded and may be slowed by cold attacks.


Message History

The worm is heavily wounded.
You barely miss the worm.
The worm is heavily wounded.
The ooze closely misses you. The worm bites you!
* * * LOW HITPOINT WARNING * * *
You take 9 damage, and have 2/28 hp.
MASSIVE DAMAGE!!
You are too injured to fight recklessly!
The ooze closely misses you.
Sigmund the Dreaded comes into view.
He is wielding a scythe.
Sigmund shouts!
Sigmund points at you and mumbles some strange words.
The puff of flame hits you!
Throwing (i - inventory. (,) - cycle):
g - 4 javelins (quivered)
Press: ? - help, Shift-Dir - straight line, f - ooze
Aim: an ooze You throw a javelin.
The javelin hits the ooze.
The ooze is heavily wounded.
Sigmund gestures at you while chanting. The magic dart hits you!
You die...

#######.. ####........
##....<.....# ######............
#.................
########.###.............
##........# #.............
#######..##########........%.###
##.......## #.@J(....>......#
...####### #.#####w.......##
#### ................#
##..####.w........# .@#
#..........# ### #..........
#.......... #........%
..........


You could see Sigmund, a worm and an ooze.

Vanquished Creatures
  An adder (D:2)
  A dart slug (D:1)
  2 giant geckos (D:1)
  3 bats (D:1)
  2 giant cockroaches (D:1)
  5 hobgoblins
  2 ball pythons
  2 giant newts (D:1)
  3 kobolds (D:1)
  6 rats
27 creatures vanquished.

Notes
Turn   | Place    | Note
--------------------------------------------------------------
     0 | D:1      | namelastname112 the Draconian Arcane Marksman began the quest for the Orb.
     0 | D:1      | Reached XP level 1. HP: 16/16 MP: 2/2
   659 | D:1      | Reached XP level 2. HP: 23/23 MP: 3/3
   852 | D:1      | Reached skill level 1 in Stealth
  1252 | D:2      | Reached skill level 1 in Short Blades
  1252 | D:2      | Reached XP level 3. HP: 13/28 MP: 4/4
  1543 | D:2      | Noticed Terence
  1870 | D:2      | Noticed Sigmund
  1871 | D:2      | Killed from afar by Sigmund

Skill      XL: |  1  2 |
---------------+-------+-----
Dodging        | 2 |  2.2
Throwing       | 2 |  2.1
Stealth        | 1 |  1.4
Short Blades   | 1 |  1.1
Fighting       | |  1.4
Spellcasting   | |  1.0
Hexes          | |  2.6

Action                   || total
-------------------------++-------
Melee: Unarmed           ||    22
       Dagger            ||   128
       Tailslap          ||    13
Throw: Javelin           ||    12
       Throwing net      ||     1
 Stab: Sleeping          ||     2
  Eat: Chunk             ||     2
Armor: Skin              ||    37
Dodge: Dodged            ||    93
